 Dungeon Crawl Stone Soup version 0.21.1-1-g345015fe64 (webtiles) character file.

4032 Htamos the Cleaver (level 10, -5/86 HPs)
             Began as a Minotaur Berserker on July 4, 2018.
             Was an Elder of Trog.
             Slain by a manticore (shapeshifter) (10 damage)
             ... on level 10 of the Dungeon.
             The game lasted 00:15:17 (5765 turns).

Htamos the Cleaver (Minotaur Berserker)             Turns: 5765, Time: 00:15:17

Health: -5/86      AC: 12    Str: 23    XL:     10   Next: 4%
Magic:  9/9        EV:  9    Int:  4    God:    Trog [****..]
Gold:   396        SH:  0    Dex: 12    Spells: 9/9 levels left

rFire    . . .     SeeInvis .   t - +6 battleaxe (freeze)
rCold    . . .     Gourm    .   (shield currently unavailable)
rNeg     . . .     Faith    .   k - +0 chain mail
rPois    .         Spirit   .   (helmet restricted)
rElec    .         Reflect  .   (no cloak)
rCorr    .         Harm     .   (no gloves)
MR       .....                  x - +0 pair of boots
Stlth    ..........             (no amulet)
HPRegen  0.24/turn              (no ring)
MPRegen  0.11/turn              (no ring)

@: about to teleport, barbed spikes, hasted, very quick
A: retaliatory headbutt, horns 2
a: Berserk, Trog's Hand, Brothers in Arms, Burn Spellbooks, Renounce Religion


You were on level 10 of the Dungeon.
You worshipped Trog.
Trog was greatly pleased with you.
You were not hungry.

You visited 1 branch of the dungeon, and saw 8 of its levels.
You also visited: Sewer.

You collected 396 gold pieces.

Inventory:

Hand Weapons
 a - a +0 hand axe
 t - a +6 battleaxe of freezing (weapon)
Armour
 d - a +2 shield of protection
 k - a +0 chain mail (worn)
 u - a +0 troll leather armour {Purgy}
 x - a +0 pair of boots (worn)
Jewellery
 i - an uncursed ring of positive energy {unknown}
 s - the amulet of the Good {Regen+ Stlth+, unknown}
   (You found it on level 5 of the Dungeon)

   [amulet of regeneration]

   It increases your rate of regeneration.
   It makes you more stealthy.
 z - a +5 ring of intelligence {unknown}
Scrolls
 e - a scroll of fog {unknown}
 g - 2 scrolls of fear {unknown}
 h - 6 scrolls of identify {unknown}
 j - 3 scrolls of teleportation
 l - a scroll of immolation {unknown}
 n - 2 scrolls of enchant weapon {unknown}
 r - a scroll of random uselessness {unknown}
 v - a scroll of remove curse {unknown}
 y - a scroll of magic mapping {unknown}
 C - a scroll of blinking {unknown}
Potions
 b - 2 potions of curing {unknown}
 f - 3 potions of haste
 m - 2 potions of heal wounds {unknown}
 o - a potion of invisibility {unknown}
 p - 2 potions of berserk rage {unknown}
 q - a potion of magic {unknown}
 w - a potion of lignification {unknown}
 A - a potion of might {unknown}
 B - 2 potions of flight {unknown}
Comestibles
 c - 12 rations


   Skills:
 + Level 7.1 Fighting
 * Level 13.8 Axes
 + Level 8.6 Armour
 - Level 2.1 Dodging


You had 9 spell levels left.
You didn't know any spells.

Dungeon Overview and Level Annotations

Branches:
Dungeon (7/15)             Temple (0/1) D:4

Altars:
Okawaru


Innate Abilities, Weirdness & Mutations

You reflexively headbutt those who attack you in melee.
You have a pair of horns on your head.


Message History

* * * LOW HITPOINT WARNING * * *
You feel sick.
You are no longer poisoned.
You closely miss the manticore. The manticore closely misses you.
The manticore claws you.
* * * LOW HITPOINT WARNING * * *
The manticore claws you.
* * * LOW HITPOINT WARNING * * *
As you read the scroll labeled DEIDYU UWUC, it crumbles to dust.
You feel strangely unstable.
It was a scroll of teleportation.
The manticore bites you but does no damage.
The manticore claws you.
* * * LOW HITPOINT WARNING * * *
The manticore claws you but does no damage.
Unknown command.
It was a potion of haste.
You feel yourself speed up.
The manticore bites you but does no damage.
The manticore claws you but does no damage.
The manticore claws you!
You die...

##...## #.#
#.....##########.#
##...##..........#
..
##.###(##########
....###.###†#
............#
#######.##### #.#
###@#######
#..H......#
#.#.#####.#
#####.#.#
#...#†#)# ###.
#..#.#.....
##.....# #.....#
#....##


You could see a manticore.

Vanquished Creatures
  A two-headed ogre (D:10)
  A troll (D:10)
  A hippogriff (D:10)
  The ghost of raetorn the Chopper, an amateur VSBe of Trog (D:3)
  4 yaks (D:10)
  Purgy (Sewer)
  An ice beast (D:6)
  A phantom (D:6)
  2 ogres
  2 centaurs
  2 bullfrogs
  A scorpion (D:7)
  7 killer bees (D:10)
  5 wights
  4 howler monkeys
  A crimson imp (D:6)
  A jelly (D:5)
  4 hounds
  2 orc wizards
  3 iguanas
  Natasha (thrice) (D:2)
  6 worker ants
  A killer bee zombie (D:5)
  2 hound skeletons
  A worker ant zombie (D:5)
  Robin (D:2)
  10 gnolls
  5 adders
  An ooze (D:6)
  An adder skeleton (D:4)
  4 worms
  A dart slug (D:2)
  3 leopard geckos
  13 orcs
  10 giant cockroaches
  12 goblins
  9 hobgoblins
  3 jackals (D:2)
  4 quokkas
  4 ball pythons
  3 bats
  5 frilled lizards
  3 kobolds
  6 rats
156 creatures vanquished.

Vanquished Creatures (others)
  An orc wizard (D:6)
1 creature vanquished.

Grand Total: 157 creatures vanquished

Notes
Turn   | Place    | Note
-------+----------+-------------------------------------------
     0 | D:1      | Htamos the Minotaur Berserker began the quest for the Orb.
     0 | D:1      | Reached XP level 1. HP: 19/19 MP: 0/0
   235 | D:1      | Reached skill level 4 in Axes
   288 | D:1      | Reached XP level 2. HP: 26/27 MP: 1/1
   950 | D:2      | Noticed Natasha
   953 | D:2      | Noticed a crimson imp
   955 | D:2      | Noticed a crimson imp
   957 | D:2      | Killed Natasha
   957 | D:2      | Reached skill level 5 in Axes
   957 | D:2      | Reached XP level 3. HP: 24/33 MP: 2/2
  1136 | D:2      | Noticed Natasha
  1156 | D:2      | Killed Natasha
  1156 | D:2      | Reached XP level 4. HP: 10/40 MP: 3/3
  1302 | D:2      | Noticed Natasha
  1385 | D:2      | Killed Natasha
  1479 | D:2      | Reached ** piety under Trog
  1551 | D:2      | Noticed Robin
  1558 | D:2      | Killed Robin
  1558 | D:2      | Reached skill level 6 in Axes
  1561 | D:2      | Reached XP level 5. HP: 39/47 MP: 4/4
  1936 | D:3      | Noticed raetorn's ghost (amateur VSBe)
  1957 | D:3      | Killed raetorn's ghost
  1957 | D:3      | Reached skill level 7 in Axes
  1957 | D:3      | Reached XP level 6. HP: 47/53 MP: 5/5
  2066 | D:3      | You fall through a shaft for 2 floors!
  2066 | D:5      | Entered Level 5 of the Dungeon
  2189 | D:4      | Found a staircase to the Ecumenical Temple.
  2291 | D:4      | Reached skill level 8 in Axes
  2402 | D:4      | Reached skill level 5 in Fighting
  2402 | D:4      | Reached XP level 7. HP: 58/61 MP: 6/6
  2583 | D:5      | Reached *** piety under Trog
  2687 | D:5      | Got a warped pewter amulet
  2770 | D:5      | Reached skill level 9 in Axes
  3612 | D:6      | Reached skill level 5 in Armour
  3643 | D:6      | Reached skill level 10 in Axes
  3643 | D:6      | Reached XP level 8. HP: 40/69 MP: 7/7
  3727 | D:6      | Found a glowing drain.
  3741 | Sewer    | Entered a sewer
  3763 | Sewer    | Noticed Purgy
  3784 | Sewer    | Killed Purgy
  4378 | D:6      | Found an iron altar of Okawaru.
  4411 | D:6      | Reached skill level 11 in Axes
  4861 | D:7      | Reached **** piety under Trog
  4923 | D:7      | You fall through a shaft for 3 floors!
  4923 | D:10     | Entered Level 10 of the Dungeon
  4964 | D:10     | Reached XP level 9. HP: 75/75 MP: 8/8
  5072 | D:10     | Noticed a troll
  5081 | D:10     | Killed a troll
  5251 | D:10     | Reached skill level 12 in Axes
  5499 | D:10     | Reached skill level 13 in Axes
  5627 | D:10     | Noticed a two-headed ogre
  5633 | D:10     | Killed a two-headed ogre
  5633 | D:10     | Reached XP level 10. HP: 50/86 MP: 9/9
  5750 | D:10     | Noticed a manticore
  5765 | D:10     | Slain by a manticore (shapeshifter)

Skill      XL: |  1  2  3  4  5  6  7  8  9 |
---------------+----------------------------+-----
Axes           | 4 5 6 7 8 10 11 13 | 13.8
Fighting       | 4 5 6 7 |  7.1
Armour         | 3 4 5 7 8 |  8.6
Dodging        | |  2.1

Action                   |  1- 3 |  4- 6 |  7- 9 | 10-12 || total
-------------------------+-------+-------+-------+-------++-------
Melee: Hand axe          |    75 |   161 |   262 |       ||   498
       Headbutt          |    11 |    28 |    67 |     1 ||   107
       Battleaxe         |       |       |    58 |     8 ||    66
  Use: Scroll            |       |       |       |     1 ||     1
       Potion            |       |       |       |     1 ||     1
 Stab: Sleeping          |     1 |       |       |       ||     1
  Eat: Chunk             |     1 |     3 |    12 |       ||    16
Armor: Animal skin       |     1 |       |       |       ||     1
       Chain mail        |    38 |    84 |   140 |    12 ||   274
Dodge: Dodged            |     9 |    27 |    46 |     6 ||    88
Block: Shield            |    29 |    78 |   115 |       ||   222
